 Dungeon Crawl Stone Soup version 0.28.0 (webtiles) character file.

Game seed: 3509082964652921800

467 pkoi the Conjurer (level 6, -2/45 HPs)
             Began as a Draconian Conjurer on Feb 8, 2022.
             Was an Initiate of Sif Muna.
             Succumbed to a gnoll sergeant's poison
             ... on level 4 of the Dungeon.
             The game lasted 00:07:10 (6684 turns).

pkoi the Conjurer (Draconian Conjurer)              Turns: 6684, Time: 00:07:11

Health: -2/45      AC:  9    Str:  9    XL:     6   Next: 81%
Magic:  8/12       EV: 12    Int: 21    God:    Sif Muna [......]
Gold:   225        SH:  0    Dex:  9    Spells: 6/13 levels left

rFire   . . .      SeeInvis .   b - +0 dagger
rCold   . . .      Faith    .   (no shield)
rNeg    . . .      Spirit   .   (armour unavailable)
rPois   .          Reflect  .   (helmet restricted)
rElec   .          Harm     .   (no cloak)
rCorr   .          Rampage  .   e - +0 pair of gloves
Will    .....                   c - +1 pair of boots
Stlth   ++........              (no amulet)
HPRegen 0.15/turn               (no ring)
MPRegen 0.13/turn               (no ring)

@: lethally poisoned (-2 -> -11)
A: AC +6, unfitting armour, cold-blooded
a: Renounce Religion


You were on level 4 of the Dungeon.
You worshipped Sif Muna.
Sif Muna was noncommittal.
You visited 2 branches of the dungeon, and saw 6 of its levels.

You collected 225 gold pieces.

Inventory:

Hand Weapons
 b - a +0 dagger (weapon)
Armour
 c - a +1 pair of boots (worn)
 e - a +0 pair of gloves (worn)
Scrolls
 d - 2 scrolls of identify


   Skills:
 - Level 1.7 Dodging
 - Level 1.7 Stealth
 + Level 4.0 Spellcasting
 + Level 6.6 Conjurations
 + Level 2.6 Translocations


You had 6 spell levels left.
You knew the following spells:

 Your Spells              Type           Power      Damage    Failure   Level
a - Magic Dart            Conj           100%       1d8       1%          1
b - Searing Ray           Conj           64%        2d6       1%          2
c - Iskenderun's Mystic   Conj/Tloc      23%        2d6       19%         4

Your spell library contained the following spells:

 Spells                   Type           Power      Damage    Failure   Level
 Dazzling Flash           Conj/Hex       36%        N/A       10%         3
 Fulminant Prism          Conj/Hex       9%         3d7       30%         4


Dungeon Overview and Level Annotations

Branches:
Dungeon (5/15)             Temple (1/1) D:4

Altars:
Ashenzari
Cheibriados
Dithmenos
Elyvilon
Fedhas
Hepliaklqana
Nemelex Xobeh
Okawaru
Qazlal
Ru
Sif Muna
Vehumet
Wu Jian
Xom
Yredelemnul
Zin
The Shining One


Innate Abilities, Weirdness & Mutations

Your plain brown scales are hard. (AC +6)
You cannot fit into any form of body armour.
You are cold-blooded and may be slowed by cold attacks.


Message History

The searing ray hits the gnoll sergeant but does no damage.
The gnoll sergeant is moderately wounded.
You hear a shout!
The gnoll sergeant hits you but does no damage.
You are poisoned.
The searing ray hits the gnoll sergeant.
The gnoll sergeant is heavily wounded.
You feel sick.
The gnoll sergeant hits you from afar with a +3 spear of venom!
* * * LOW HITPOINT WARNING * * *
You are more poisoned.
The searing ray hits the gnoll sergeant but does no damage.
The gnoll sergeant is moderately wounded.
You finish channelling your searing ray.
* * * LOW HITPOINT WARNING * * *
You feel very sick.
The gnoll sergeant hits you from afar with a +3 spear of venom.
* * * LOW HITPOINT WARNING * * *
You are more poisoned.
* * * LOW HITPOINT WARNING * * *
You feel very sick. The gnoll sergeant misses you.
You climb upwards.
* * * LOW HITPOINT WARNING * * *
You feel extremely sick.
There is a stone staircase leading down here.
It was a potion of brilliance.
You feel clever all of a sudden.
* * * LOW HITPOINT WARNING * * *
You feel very sick.
It was a potion of cancellation.
Your magical effects are unravelling.
You feel magically purged.
You feel a little less clever now.
* * * LOW HITPOINT WARNING * * *
You feel sick.
As you read the scroll labelled ZANYER YBBUL, it crumbles to dust.
The air around you briefly surges with heat, but it dissipates.
It was a scroll of immolation.
You die...

.#####......#...............#
#.###.(.#.....##...#......#.##
##......#.<)...#...########..#
#####..####........#### ##.####
#..# ##..........#####.##..
#..### #..............#.##.#
#)...####......####....!.#.# #
##.#...........# ####.....# #
#....###.)@...# ##....# #
#..#...#......# ##.#.# #
###..###.#......# ###.#.#
#...(..####...#.# #.....#
#......#≈≈≈≈≈≈#.#######.#...# #
#......####...#.......#.#...# #
#####...#.#...##........#.♣.#
########..........#######...#....
................#.###....##.#.._.


There were no monsters in sight!

Vanquished Creatures
  2 ogres (D:4)
  A hound (D:5)
  An orc priest (D:4)
  2 orc wizards
  2 hound skeletons
  An adder (D:4)
  3 gnolls
  An adder skeleton (D:2)
  7 worms (D:4)
  3 dart slugs
  4 orcs
  6 bats
  5 endoplasms
  3 giant cockroaches
  6 goblins
  17 hobgoblins
  3 jackals (D:2)
  5 kobolds
  2 quokkas
  8 ball pythons
  3 frilled lizards
  8 rats
93 creatures vanquished.

Notes
Turn   | Place    | Note
-------+----------+-------------------------------------------
     0 | D:1      | pkoi the Draconian Conjurer began the quest for the Orb.
     0 | D:1      | Reached XP level 1. HP: 14/14 MP: 3/3
   311 | D:1      | Reached XP level 2. HP: 20/20 MP: 1/5
   688 | D:1      | Found a faded altar of an unknown god.
  1251 | D:2      | Reached XP level 3. HP: 26/26 MP: 2/7
  1301 | D:2      | Learned a level 2 spell: Searing Ray
  2674 | D:2      | Reached skill level 5 in Conjurations
  2674 | D:2      | Reached XP level 4. HP: 33/33 MP: 1/8
  3379 | D:3      | You fall into a shaft and drop 1 floor!
  4115 | D:4      | Found a staircase to the Ecumenical Temple.
  4121 | Temple   | Entered the Ecumenical Temple
  4185 | Temple   | Became a worshipper of Sif Muna the Loreminder
  4569 | D:4      | Reached XP level 5. HP: 30/38 MP: 4/9
  4665 | D:4      | Noticed an ogre
  4797 | D:4      | Learned a level 4 spell: Iskenderun's Mystic Blast
  4799 | D:4      | Noticed an ogre
  4806 | D:4      | Killed an ogre
  4807 | D:4      | Reached skill level 6 in Conjurations
  4807 | D:4      | Reached skill level 1 in Translocations
  4923 | D:4      | Found a white marble altar of Elyvilon.
  4924 | D:4      | Found a shadowy altar of Dithmenos.
  5030 | D:4      | Killed an ogre
  5031 | D:4      | Reached XP level 6. HP: 45/45 MP: 5/11
  5929 | D:4      | Found an iron altar of Okawaru.
  5931 | D:4      | Found a shimmering altar of Xom.
  5934 | D:4      | Found a stormy altar of Qazlal.
  5935 | D:4      | Found a radiant altar of Vehumet.
  5937 | D:4      | Found an ornate altar of the Wu Jian Council.
  5938 | D:4      | Found a hazy altar of Hepliaklqana.
  6092 | D:5      | Entered Level 5 of the Dungeon
  6683 | D:4      | HP: 1/45 [poisoned by a gnoll sergeant]
  6684 | D:4      | Succumbed to a gnoll sergeant's poison

Illustrated notes

Levels and vault maps discovered:
D:1:      arrival_zaba_pyramid, layout_loops_ring,
          dreamdust_ecumenical_altar_statues
D:2:      cheibrodos_greedy_goblins, layout_basic, minmay_mini_jars
D:3:      layout_loops_cross, chequers_jeans
D:4:      layout_rooms, nicolae_overflow_hallway_of_the_gods,
          minmay_temple_entry_wispy, serial_rivers,
          chequers_serial_rivers_small_3, chequers_serial_rivers_micro_c,
          chequers_serial_rivers_room_a, chequers_serial_rivers_micro_a,
          chequers_serial_rivers_micro_b, nicolae_wormholes
D:5:      layout_loops_ring, mainiacjoe_overflow_alcove_1, serial_shops,
          nicolae_square_shop
Temple:   jpeg_temple_island

Skill      XL: |  1  2  3  4  5  6 |
---------------+-------------------+-----
Spellcasting   | 3 4 |  4.0
Conjurations   | 5 6 |  6.6
Translocations | 1 2 |  2.6
Dodging        | |  1.7
Stealth        | |  1.7

Action                   |  1- 3 |  4- 6 || total
-------------------------+-------+-------++-------
Melee: Dagger            |    24 |    34 ||    58
       Tailslap          |     2 |     5 ||     7
       Punch             |       |     2 ||     2
 Cast: Magic Dart        |    93 |    55 ||   148
       Searing Ray       |     2 |    21 ||    23
  Use: Scroll            |     1 |     5 ||     6
       Potion            |     1 |     2 ||     3
Armor: Skin              |     8 |    18 ||    26
Dodge: Dodged            |    34 |    21 ||    55
